 Bloatcrawl 2 version 0.50.1-497-g763ebf1 (webtiles) character file.

Game seed: 1958261667226680728, levelgen mode: deterministic

787401 Dorkslayer the Slayer (level 27, -44/365 HPs)
             Began as a Protean Fighter on Dec 4, 2020.
             Was the Champion of the Shining One.
             Annihilated by an Ice Fiend (49 damage)
             ... on level 7 of the Iron City of Dis on Dec 9, 2020.
             The game lasted 05:35:10 (58097 turns).

Dorkslayer the Slayer (Protean Fighter)            Turns: 58097, Time: 05:35:11

Health: -44/365    AC: 15    Str: 33    XL:     27
Magic:  31/36      EV: 15    Int: 19    God:    the Shining One [******]
Gold:   3337       SH: 54    Dex: 16    Spells: 39/39 levels left Game modifiers: x1.5 XP

rFire   + + .      SeeInvis +    S - +9 broad axe (vorpal)
rCold   . . .      Gourm    .    v - +8 tower shield
rNeg    + + +      Faith    .    F - +0 fire dragon scales
rPois   +          Spirit   .    (helmet unavailable)
rElec   +          Reflect  +    (cloak unavailable)
rCorr   .          Harm     .    (gloves unavailable)
MR      +++..      Rnd*Rage +    (boots unavailable)
Stlth   +.........               H - +6 amulet of reflection
HPRegen 0.70/turn                T - ring of Jealousy {MR+ Str+4 Dex+3}
MPRegen 0.25/turn                X - ring "Qomugget" {Wiz rElec Str+3 Int+4 SInv}

@: divine shield, flying, glowing, studying Axes
A: tiny, beak, talons 1, rugged brown scales 1, thin skeletal structure 1, see
invisible, berserk 1, clever 2, cold resistance 1, poison resistance, tough skin
1, wild magic 1, evolution 2, MP-powered wands, protean body
}: 3/15 runes: serpentine, barnacled, silver
a: Divine Shield, Cleansing Flame, Summon Divine Warrior, Brand Weapon With Holy
Wrath, Renounce Religion


You were on level 7 of the Iron City of Dis.
You worshipped the Shining One.
The Shining One was exalted by your worship.
You were not hungry.

You visited 10 branches of the dungeon, and saw 52 of its levels.
You visited the Abyss 1 time.
You also visited: Trove, Gauntlet, Ice Cave, Volcano and Desolation.

You collected 9759 gold pieces.
You spent 6402 gold pieces at shops.
You donated 20 gold pieces to Zin.

Inventory:

Hand Weapons
 J - a +5 battleaxe of flaming
 S - a +9 vorpal broad axe (weapon)
Missiles
 c - 3 throwing nets
 B - 117 silver javelins (quivered)
Armour
 v - a +8 tower shield (worn)
 F - +0 fire dragon scales (worn)
Jewellery
 s - the ring of Peykhlar {+Fly rElec rC- rCorr Int+2}
   (You found it in a treasure trove)

   [ring of resist corrosion]

   It affects your intelligence (+2).
   It makes you vulnerable to cold.
   It insulates you from electricity.
   It lets you fly.
   It provides partial protection from all sources of acid and corrosion.
 C - the amulet of Kaprobep {Faith +Inv rN+ Dex-3 Slay+6}
   (You took it off an ironheart preserver on level 5 of the Vaults)

   [amulet of faith]

   It allows you to gain divine favour quickly.
   It affects your dexterity (-3).
   It affects your accuracy and damage with ranged weapons and melee attacks
   (+6).
   It protects you from negative energy.
   It lets you turn invisible.
 H - a +6 amulet of reflection (around neck)
 T - the ring of Jealousy (left hand) {MR+ Str+4 Dex+3}
   (You found it in a treasure trove)

   [ring of protection from magic]

   It affects your strength (+4).
   It affects your dexterity (+3).
   It affects your resistance to hostile enchantments.
 X - the ring "Qomugget" (right hand) {Wiz rElec Str+3 Int+4 SInv}
   (You found it on level 5 of the Vaults)

   [ring of wizardry]

   It improves your spell success rate.
   It affects your strength (+3).
   It affects your intelligence (+4).
   It insulates you from electricity.
   It lets you see invisible.
Wands
 m - a wand of iceblast (58)
 G - a wand of digging (13)
 N - a wand of disintegration (21)
 O - a wand of flame (25)
 P - a wand of scattershot (3)
 R - a wand of paralysis (34)
 W - a wand of acid (30)
Scrolls
 b - 6 scrolls of blinking
 e - 16 scrolls of teleportation
 g - 11 scrolls of magic mapping
 j - 5 scrolls of immolation
 k - 2 scrolls of brand weapon
 p - 4 scrolls of fog
 r - 12 scrolls of identify
 t - a scroll of holy word
 y - 9 scrolls of fear
 A - 16 scrolls of remove curse
 Q - a scroll of summoning
 V - 7 scrolls of enchant armour
 Z - 5 scrolls of enchant weapon
Potions
 a - 4 potions of cancellation
 f - 5 potions of magic
 h - 5 potions of ambrosia
 l - 5 potions of might
 n - 5 potions of flight
 o - 8 potions of mutation
 q - a potion of haste
 u - 5 potions of resistance
 x - 2 potions of stabbing
 I - a potion of brilliance
 L - 16 potions of curing
 M - a potion of berserk rage
Books
 z - a manual of Axes
Miscellaneous
 i - 2 tins of tremorstones
 w - 5 boxes of beasts
 D - an air horn
 U - 2 phantom mirrors
 Y - a lightning rod (4/4)
Comestibles
 d - 34 rations
 E - 12 chunks of flesh


   Skills:
 * Level 25.0 Fighting
 + Level 22.0 Axes
 + Level 7.0 Throwing
 + Level 14.8 Armour
 + Level 14.4 Dodging
 - Level 4.0 Stealth
 * Level 21.3 Shields
 * Level 6.8 Spellcasting
 * Level 19.7 Invocations
 * Level 17.7 Evocations


You had 39 spell levels left.
You didn't know any spells.
Your spell library contained the following spells:

 Spells                   Type           Power        Failure   Level  Hunger
 Animate Skeleton         Necr           N/A          11%         1    None
 Apportation              Tloc           #.....       11%         1    None
 Foxfire                  Conj/Fire      #...         11%         1    None
 Freeze                   Ice            #...         11%         1    None
 Infusion                 Chrm           #...         11%         1    None
 Magic Dart               Conj           #...         11%         1    None
 Pain                     Necr           #...         11%         1    None
 Sandblast                Erth           #.....       11%         1    None
 Sting                    Tmut/Pois      #...         11%         1    None
 Summon Butterflies       Summ           #.......     11%         1    None
 Summon Small Mammal      Summ           #...         11%         1    None
 Blink                    Tloc           N/A          16%         2    None
 Call Imp                 Summ           #.......     16%         2    None
 Passwall                 Tmut/Erth      #.......     16%         2    None
 Searing Ray              Conj           #.....       16%         2    None
 Shroud of Golubria       Chrm/Tloc      #.....       16%         2    None
 Slow                     Hex            #.......     16%         2    None
 Song of Slaying          Chrm           #.......     16%         2    None
 Sticks to Snakes         Tmut           #.......     16%         2    None
 Swiftness                Chrm/Air       #.......     16%         2    None
 Call Canine Familiar     Summ           #.......     28%         3    #......
 Confusing Touch          Hex            #.......     28%         3    #......
 Conjure Flame            Conj/Fire      #.......     28%         3    #......
 Dazzling Flash           Conj/Hex       #.....       28%         3    #......
 Frozen Ramparts          Ice            #.....       28%         3    #......
 Gell's Gravitas          Tloc           #.........   28%         3    #......
 Lesser Beckoning         Tloc           #.........   28%         3    #......
 Mephitic Cloud           Conj/Pois/Air  #.......     28%         3    #......
 Ozocubu's Armour         Chrm/Ice       #.......     28%         3    #......
 Recall                   Summ/Tloc      N/A          28%         3    #......
 Spectral Weapon          Hex/Chrm       #.......     28%         3    #......
 Static Discharge         Conj/Air       #.......     28%         3    #......
 Stone Arrow              Conj/Erth      #.....       28%         3    #......
 Summon Guardian Golem    Hex/Summ       #.......     28%         3    #......
 Tukima's Dance           Hex            #.......     28%         3    #......
 Vampiric Draining        Necr           #.........   28%         3    #......
 Animate Dead             Necr           N/A          63%         4    ###....
 Cause Fear               Hex            #.........   63%         4    ###....
 Fulminant Prism          Conj/Hex       #.........   63%         4    ###....
 Hailstorm                Conj/Ice       #.......     63%         4    ###....
 Iskenderun's Mystic Bla  Conj/Tloc      #.......     63%         4    ###....
 Leda's Liquefaction      Hex/Erth       #.........   63%         4    ###....
 Passage of Golubria      Tloc           N/A          63%         4    ###....
 Petrify                  Tmut/Erth      #.......     63%         4    ###....
 Summon Ice Beast         Ice/Summ       #.......     63%         4    ###....
 Summon Lightning Spire   Summ/Air       #.......     63%         4    ###....
 Agony                    Necr           #.......     90%         5    #####..
 Alistair's Intoxication  Tmut/Pois      #.......     90%         5    #####..
 Aura of Abjuration       Summ           #.........   90%         5    #####..
 Bolt of Magma            Conj/Fire/Erth #.........   90%         5    #####..
 Excruciating Wounds      Chrm/Necr      #.........   90%         5    #####..
 Irradiate                Conj/Tmut      #.........   90%         5    #####..
 Lee's Rapid Deconstruct  Erth           #.........   90%         5    #####..
 Lightning Bolt           Conj/Air       #.........   90%         5    #####..
 Metabolic Englaciation   Hex/Ice        #.........   90%         5    #####..
 Silence                  Hex/Air        #.........   90%         5    #####..
 Summon Demon             Summ           #.........   90%         5    #####..
 Summon Forest            Summ/Tloc      #.........   90%         5    #####..
 Summon Mana Viper        Hex/Summ       #.......     90%         5    #####..
 Yara's Violent Unravell  Hex/Tmut       #.........   90%         5    #####..
 Conjure Ball Lightning   Conj/Air       #.........   100%        6    ######.
 Darkness                 Hex            #.........   100%        6    ######.
 Freezing Cloud           Conj/Ice/Air   #.........   100%        6    ######.
 Invisibility             Hex            #.......     100%        6    ######.
 Iron Shot                Conj/Erth      #.........   100%        6    ######.
 Shadow Creatures         Summ           N/A          100%        6    ######.
 Starburst                Conj/Fire      #.........   100%        6    ######.
 Malign Gateway           Summ/Tloc      #.........   100%        7    #######
 Orb of Destruction       Conj           #.........   100%        7    #######
 Summon Hydra             Summ           #.........   100%        7    #######
 Discord                  Hex            #.........   100%        8    #######
 Ignition                 Fire           #.........   100%        8    #######
 Shatter                  Erth           #.........   100%        9    #######
 Tornado                  Air            #.........   100%        9    #######
 Beastly Appendage        Tmut           Unusable     N/A         1    N/A
 Spider Form              Tmut/Pois      Unusable     N/A         3    N/A
 Ice Form                 Ice/Tmut       Unusable     N/A         4    N/A
 Blade Hands              Tmut           Unusable     N/A         5    N/A
 Hydra Form               Tmut           Unusable     N/A         6    N/A
 Statue Form              Tmut/Erth      Unusable     N/A         6    N/A
 Dragon Form              Tmut           Unusable     N/A         7    N/A

Dungeon Overview and Level Annotations

Branches:
Dungeon (15/15)            Temple (0/1) D:7            Lair (6/6) D:11
 Shoals (4/4) Lair:3        Snake (4/4) Lair:2        Slime (0/5) Lair:6
    Orc (2/2) D:12            Elf (3/3) Orc:2        Vaults (5/5) D:13
  Crypt (0/3) Vaults:2     Depths (5/5) D:15           Hell (visited)
    Dis (7/7) Hell            Tar (0/7) Hell            Zot (0/5) Depths:5
  IceCv (visited)         Volcano (visited)         Desolation (visited)
Gauntlet (visited)
    Geh: Hell:1         Coc: Hell:1

Altars:
Cheibriados
Dithmenos
Fedhas
Gozag
Hepliaklqana
Okawaru
Qazlal
Ru
Trog
Zin
The Shining One

Shops:
D:4 =   D:6 =   D:11 (((   Orc:2 ?=}*   Elf:2 [   Elf:3 (?   Shoals:4 *
Snake:2 ==}!   Snake:4 =   Vaults:2 :   Vaults:4 }*   Vaults:5 :   Depths:2 !
Depths:3 *

Portals:
Hell: Depths:1 Depths:2 Depths:3 Depths:4 Depths:5
Abyss: Depths:4
Pandemonium: Depths:1 Depths:3 Depths:5
Ziggurat: Depths:1

Annotations:
D:8 exclusion: 2 oklob plants


Innate Abilities, Weirdness & Mutations

You are very large.
You can wield many weapons one-handed.
You are too large for most types of armour.
You can walk steadily in shallow water.
You have tough skin. (AC +1)
You rapidly evolve.
Your protean body gains health from mutations (+48% HP).
Your health pool defines your size (currently very large).
Your protean flesh cannot be transmuted.
Your protean flesh is especially vulnerable to rot.
You have a beak for a mouth.
You have sharp toenails.
You are partially covered in rugged brown scales. (AC +1, +3% HP)
You have a somewhat thin skeletal structure. (Dex +2, Stealth)
You have supernaturally acute eyesight. (SInv)
You tend to lose your temper in combat.
Your mind is very acute. (Int +4)
Your flesh is cold resistant. (rC+)
Your system is resistant to poisons. (rPois)
Your spells are a little harder to cast, but a little more powerful.
You expend magic power (3 MP) to strengthen your wands.


Message History

You hit the Ice Fiend but do no damage. The Ice Fiend gestures at you.
The bolt of cold hits you!!!
* * * LOW HITPOINT WARNING * * *
The Brimstone Fiend calls on the powers of darkness!
You feel a surge of unholy energy.
The golden flame engulfs you but does no damage.
You resist.
The golden flame engulfs the Ice Fiend!!
The Ice Fiend writhes in agony!
The Ice Fiend is almost dead.
The golden flame engulfs the Brimstone Fiend!!!
The Brimstone Fiend writhes in agony!
You kill the Brimstone Fiend!
The Shining One accepts your kill.
You feel better.
You feel somewhat more hungry. You block the Ice Fiend's attack.
The Ice Fiend claws you.
* * * LOW HITPOINT WARNING * * *
The Ice Fiend freezes you!!!
You die...

**########^....##.....
*$......#.....##.....
*,,.....#............
*,,,#...#..##......#.
*,,,#...#..##.....###
#,,,#...'.........#*
#.,,#...#..........#
#..##...##+#####..##
#..1@.........,*..#**
#...))........,*,,,*,
#.............,**,,,,
#.......#####.,*,,,,,
#}......#,,,,,,**,,,,
#}.......,,,,,,*,,,,,
#:)[......,,,,,*,,,,,
###########*****,,,**
******


You could see an Ice Fiend.

Vanquished Creatures
  A juggernaut (Depths:5)
  2 ancient liches
  3 golden dragons
  A caustic shrike (Depths:2)
  Geryon (Hell)
  A bone dragon (Abyss:2)
  The ghost of JamPaladin the Warrior, an adept QEGl of Okawaru (Vaults:4)
  2 iron giants (Dis:7)
  2 Brimstone Fiends (Dis:7)
  A hellephant (Hell)
  3 tentacled monstrosities
  A Hell Sentinel (Dis:7)
  Rupert (D:15)
  2 deep elf blademasters (Elf:3)
  An Ice Fiend (Dis:7)
  2 quicksilver dragons (Vaults:5)
  2 deep elf master archers (Elf:3)
  7 titans
  Murray (Depths:1)
  3 liches
  2 Executioners (Dis:7)
  A kraken (Shoals:1)
  An acid blob (Depths:4)
  2 sphinxes
  7 ancient champions
  A tentacled starspawn (Abyss:2)
  Polyphemus (Shoals:3)
  9 shadow dragons
  2 thorn hunters (Depths:4)
  13 tengu reavers
  6 storm dragons
  2 revenants
  9 nagarajas
  14 deep elf sorcerers
  25 vault wardens
  9 frost giants
  3 imperial myrmidons (Desolation)
  10 fire giants
  6 deep elf elementalists
  6 iron dragons
  2 balrugs
  3 cacodemons
  A draconian stormcaller (Depths:5)
  14 ironheart preservers
  15 war gargoyles
  31 very ugly things
  25 stone giants
  The ghost of abdallah the Imperceptible, an adept SpMi of Sif Muna (Elf:3)
  7 deep elf demonologists
  22 reapers
  4 vampire knights
  2 black draconians (Depths:5)
  2 entropy weavers
  A minotaur (Gauntlet)
  A lorocyproca (Hell)
  3 spark wasps (Depths:3)
  14 deep elf annihilators
  3 red draconians (Depths:5)
  6 deep elf death magi
  6 merfolk javelineers
  Snorg (Orc:2)
  2 green deaths
  3 crystal guardians (Desolation)
  10 merfolk impalers
  12 yaktaur captains
  7 ragged hierophants
  17 ettins
  9 fire dragons
  9 deep elf high priests
  9 great orbs of eyes
  11 naga warriors (Snake:4)
  2 hydras
  10 peacekeepers (Desolation)
  8 servants of whispers (Desolation)
  33 vault guards
  A hell beast (Depths:4)
  10 ice dragons
  3 spriggan air magi
  5 rakshasas
  3 death knights
  8 merfolk aquamancers
  4 merfolk avatars
  18 ogre magi
  13 centaur warriors
  14 anacondas
  2 alligator snapping turtles (Shoals:4)
  5 catoblepae
  14 dancing weapons
  2 satyrs (Shoals:2)
  59 two-headed ogres
  A hell hog (Hell)
  6 deep troll shamans
  3 death yaks
  4 tengu warriors
  3 vampire magi
  4 orc high priests (Orc:2)
  12 deep troll earth magi
  5 sun demons
  6 soul eaters
  10 deep elf knights
  6 shock serpents
  5 naga sharpshooters
  2 spriggan berserkers
  A titan zombie (Dis:1)
  2 storm dragon zombies
  Sonja (Lair:1)
  40 skeletal warriors
  3 iron golems
  43 hell knights
  20 sea snakes
  4 glowing orange brains
  A salamander mystic (Snake:4)
  2 spatial maelstroms (Abyss:2)
  4 shadow wraiths
  A golden dragon zombie (Dis:7)
  2 anaconda zombies
  Nergalle (D:10)
  5 iron trolls
  3 flayed ghosts
  2 ghost moth zombies (Dis:7)
  2 unseen horrors
  A shadow demon (Abyss:2)
  An entropy weaver zombie (Vaults:1)
  A tengu zombie (Vaults:2)
  4 lindwurms (Lair:3)
  2 torturous demonspawn
  18 deep trolls
  3 gelid demonspawn
  4 wizards
  A swamp dragon (Lair:6)
  An obsidian statue (Vaults:4)
  4 naga ritualists
  A harpy (shapeshifter) (Vaults:1)
  16 orc knights
  A shadow dragon zombie (Dis:7)
  11 deep elf archers
  3 wolf spider zombies
  22 ironbrand convokers
  6 phantasmal warriors
  34 harpies
  17 necromancers
  12 mana vipers
  A sphinx skeleton (Depths:4)
  6 oklob plants
  5 cyclopes
  A mana viper (shapeshifter) (Depths:2)
  7 wolf spiders
  A stone giant skeleton (Depths:1)
  58 deep elf magi
  6 manticores
  A shining eye (shapeshifter) (Depths:3)
  An iron dragon zombie (Dis:7)
  14 salamanders
  42 ugly things
  11 fauns
  3 frost giant zombies
  7 orc sorcerers
  32 rust devils
  A shock serpent zombie (Dis:4)
  4 fire giant zombies
  3 elephants (Lair:2)
  A moth of wrath (shapeshifter) (Vaults:5)
  A smoke demon (Abyss:2)
  2 molten gargoyles
  2 water nymphs (Shoals:4)
  A frost giant skeleton (Vaults:4)
  2 gargoyles
  10 naga magi
  17 vault sentinels
  A dire elephant zombie (Dis:7)
  An ice statue (IceCv)
  34 black mambas
  8 merfolk sirens
  A titan simulacrum (Depths:4)
  11 spiny frogs
  2 iron dragon skeletons
  A storm dragon simulacrum (Vaults:4)
  11 guardian serpents
  A catoblepas zombie (Dis:7)
  Maggie (Lair:1)
  A spriggan skeleton (Depths:1)
  3 efreet
  7 freezing wraiths
  2 spriggan zombies (Depths:1)
  5 rime drakes
  56 yaktaurs
  10 tormentors
  8 komodo dragons
  2 emperor scorpion zombies
  2 hellions
  16 ice devils
  A rime drake (shapeshifter) (Depths:1)
  A meliai (shapeshifter) (Vaults:4)
  3 ancient zymes (Abyss:2)
  2 red devils
  A queen bee (shapeshifter) (Depths:1)
  A demonic crawler (Hell)
  A tengu conjurer (Depths:3)
  7 trolls
  A human skeleton (Vaults:2)
  A jumping spider (shapeshifter) (Vaults:4)
  2 guardian mummies (Elf:3)
  39 merfolk
  A yaktaur skeleton (Vaults:4)
  6 wind drakes
  2 trolls (shapeshifter)
  A hydra zombie (Dis:1)
  A harpy zombie (Dis:6)
  A wind drake (shapeshifter) (Depths:3)
  16 polar bears
  A raiju (Gauntlet)
  Prince Ribbit (D:6)
  52 saltlings
  2 fire dragon zombies (Dis:7)
  4 large abominations
  11 hippogriffs
  A raiju (shapeshifter) (Depths:4)
  A dream sheep (shapeshifter) (Depths:3)
  6 hornets
  16 blink frogs
  15 slime creatures
  A frost giant simulacrum (Vaults:5)
  A blink frog (shapeshifter) (Vaults:2)
  7 snapping turtles
  5 dream sheep
  3 human simulacra
  A hippogriff (shapeshifter) (Vaults:5)
  A meliai zombie (D:15)
  A spriggan (D:7)
  11 redbacks
  30 water elementals
  A black mamba zombie (Dis:7)
  7 flying skulls
  4 air elementals
  4 shadows
  9 wyverns
  A ynoxinul (Abyss:2)
  A tarantella (Vaults:3)
  A yak (shapeshifter) (Vaults:5)
  A vampire (D:15)
  8 wraiths
  7 fire elementals
  A chaos spawn (Depths:3)
  3 fire bats (Lair:3)
  A hog (shapeshifter) (Vaults:3)
  54 yaks
  5 basilisks
  2 steam dragons (Gauntlet)
  A golden eye (shapeshifter) (Vaults:2)
  4 vampire mosquitoes (D:15)
  A basilisk (shapeshifter) (Depths:5)
  Edmund (D:6)
  Menkaure (D:4)
  A yaktaur simulacrum (Vaults:2)
  38 nagas
  8 wargs
  A hungry ghost (D:9)
  A soldier ant (D:13)
  2 spiny frog zombies
  34 hell hounds
  7 acid dragons
  30 water moccasins
  7 porcupines
  An ettin simulacrum (Vaults:1)
  An eye of draining (D:14)
  59 orc warriors
  2 swamp drakes (Lair:6)
  4 sky beasts
  3 black bears
  An eye of draining (shapeshifter) (Depths:2)
  A swamp dragon zombie (Dis:7)
  4 ice beasts
  2 spiny frog skeletons (Hell)
  3 phantoms
  An ice beast (shapeshifter) (Elf:3)
  20 wolves (IceCv)
  12 boggarts
  3 necrophages
  41 ogres
  2 elf skeletons
  An orc skeleton (Vaults:2)
  14 centaurs
  10 crocodiles
  An elf simulacrum (Vaults:4)
  3 big kobolds
  An elf zombie (Dis:1)
  A gnoll sergeant (D:10)
  5 human zombies
  2 wyvern zombies
  2 small abominations (Abyss:2)
  19 bullfrogs
  An earth elemental (Elf:2)
  6 scorpions
  17 killer bees
  29 wights
  2 electric eels
  4 crimson imps
  5 centaur zombies
  A quasit (Depths:5)
  3 bullfrog skeletons
  35 orc priests
  10 hounds
  4 jellies
  9 centaur skeletons
  20 iron imps
  46 orc wizards
  10 iguanas
  8 worker ants
  A killer bee zombie (D:5)
  2 ogre zombies
  2 mummies
  A hound zombie (D:8)
  2 hound skeletons
  2 worker ant zombies
  9 gnolls
  9 adders
  A howler monkey skeleton (D:5)
  5 shadow imps
  A white imp (Depths:5)
  2 ufetubi (Depths:5)
  2 adder skeletons
  2 worms (D:2)
  4 dart slugs
  8 leopard geckos
  117 orcs
  9 giant cockroaches
  13 goblins
  11 hobgoblins
  8 jackals
  2 quokkas
  2 ball pythons (D:2)
  A ball python skeleton (D:5)
  12 bats
  9 frilled lizards
  A jackal skeleton (D:3)
  A jackal zombie (D:6)
  21 kobolds
  A quokka skeleton (D:9)
  5 rats
  2 bushes (Depths:1)
  3 crawling corpses (Vaults:5)
  A demonic plant (Gauntlet)
  27 fungi
  A lurking horror (Abyss:2)
  74 plants
  A starspawn tentacle (Abyss:2)
2735 creatures vanquished.

Vanquished Creatures (collateral kills)
  A tentacled monstrosity (Hell)
  Roxanne (D:15)
  A draconian knight (Depths:5)
  3 imperial myrmidons (Desolation)
  A stone giant (Depths:5)
  A red draconian (Depths:5)
  2 ragged hierophants (Desolation)
  2 servants of whispers (Desolation)
  5 hell hogs (Hell)
  A hell knight (Hell)
  2 skeletal warriors (Hell)
  A deep troll (Depths:5)
  An ironbrand convoker (Desolation)
  A rust devil (Hell)
  2 guardian serpents (Desolation)
  A red devil (Hell)
  16 saltlings (Desolation)
  An orc priest (Orc:1)
  An orc (Orc:1)
44 creatures vanquished.

Vanquished Creatures (others)
  A deep elf master archer (Elf:3)
  5 stone giants
  Nessos (Lair:4)
  5 yaktaur captains
  A centaur warrior (Vaults:3)
  2 merfolk aquamancers
  A death yak (Shoals:3)
  A hell hog (Hell)
  2 naga sharpshooters
  A hell knight (Dis:7)
  A wizard (Vaults:3)
  6 deep elf archers
  A phantasmal warrior (Depths:5)
  3 deep elf magi
  2 manticores (Shoals:4)
  A faun (Shoals:2)
  Joseph (Lair:1)
  A guardian serpent (Snake:4)
  A water nymph (Shoals:4)
  20 yaktaurs
  2 merfolk (Shoals:4)
  A saltling (Desolation)
  A water elemental (Shoals:4)
  A human simulacrum (Vaults:3)
  A naga (Snake:3)
  An orc warrior (Vaults:4)
  A wolf (IceCv)
  6 centaurs
  3 kobolds
  13 demonic plants (Gauntlet)
  9 fungi
  19 plants
  A starspawn tentacle (Abyss:2)
  4 tentacles (Shoals:1)
120 creatures vanquished.

Grand Total: 2899 creatures vanquished

Notes
Turn   | Place    | Note
-------+----------+-------------------------------------------
     0 | D:1      | Dorkslayer the Protean Fighter began the quest for the Orb.
     0 | D:1      | Reached XP level 1. HP: 18/18 MP: 1/1
    64 | D:1      | Reached XP level 2. HP: 17/24 MP: 2/2
   480 | D:1      | Reached XP level 3. HP: 25/30 MP: 3/3
   699 | D:1      | Gained mutation: Your spells are a little harder to cast,
                  | but a little more powerful. [evolution]
  1076 | D:2      | Reached XP level 4. HP: 38/38 MP: 4/4
  1082 | D:2      | Reached skill level 4 in Fighting
  1522 | D:2      | Found a glowing silver altar of Zin.
  1560 | D:2      | Became a worshipper of Zin the Law-Giver
  1627 | D:2      | Found an opulent altar of Gozag.
  1811 | D:2      | Reached XP level 5. HP: 43/43 MP: 5/5
  1817 | D:2      | Found a faded altar of an unknown god.
  1959 | D:2      | Reached * piety under Zin
  1967 | D:2      | Gained mutation: You are partially covered in rugged brown
                  | scales. (AC +1, +3% HP) [evolution]
  2201 | D:3      | Found a sacrificial altar of Ru.
  2384 | D:3      | Reached skill level 1 in Stealth
  2658 | D:3      | Reached XP level 6. HP: 54/54 MP: 6/6
  2862 | D:3      | Found a hazy altar of Hepliaklqana.
  3193 | D:4      | Reached skill level 1 in Throwing
  3202 | D:4      | Noticed a phantom
  3247 | D:4      | Gained mutation: Your system is resistant to poisons.
                  | (rPois) [evolution]
  3260 | D:4      | Reached skill level 1 in Invocations
  3345 | D:4      | Reached skill level 1 in Evocations
  3373 | D:4      | Killed a phantom
  3373 | D:4      | Reached XP level 7. HP: 46/63 MP: 6/8
  3474 | D:4      | Reached ** piety under Zin
  3624 | D:4      | Noticed Menkaure
  3637 | D:4      | Killed Menkaure
  3887 | D:4      | Found Cilivas's Jewellery Shoppe.
  3918 | D:4      | Gained mutation: You are agile. (Dex +2) [evolution]
  3995 | D:5      | Entered Level 5 of the Dungeon
  3999 | D:5      | Reached XP level 8. HP: 69/72 MP: 9/9
  4486 | D:5      | Found a glowing golden altar of the Shining One.
  4493 | D:5      | Fell from the grace of Zin
  4493 | D:5      | Became a worshipper of the Shining One
  4493 | D:5      | Reached * piety under the Shining One
  4513 | D:5      | Reached skill level 5 in Axes
  4582 | D:5      | Reached skill level 5 in Fighting
  4645 | D:5      | Reached skill level 5 in Dodging
  4782 | D:5      | Found a bloodstained altar of Trog.
  4817 | D:5      | Found a stormy altar of Qazlal.
  4818 | D:5      | Noticed a water elemental
  4823 | D:5      | Noticed an air elemental
  5091 | D:6      | Reached XP level 9. HP: 80/80 MP: 11/11
  5120 | D:6      | Found a shadowy altar of Dithmenos.
  5136 | D:6      | Noticed Edmund
  5136 | D:6      | Reached ** piety under the Shining One
  5191 | D:6      | Killed Edmund
  5228 | D:6      | Found Dogucro's Jewellery Shoppe.
  5295 | D:6      | Gained mutation: You have a beak for a mouth. [evolution]
  5584 | D:7      | Found a staircase to the Ecumenical Temple.
  5598 | D:7      | Reached skill level 6 in Fighting
  5620 | D:7      | The Shining One protects you from harm!
  6024 | D:7      | Got a scorched scale mail
  6052 | D:7      | Reached XP level 10. HP: 87/94 MP: 12/12
  6661 | D:8      | Reached skill level 7 in Fighting
  6893 | D:8      | Found a blossoming altar of Fedhas.
  6897 | D:8      | Noticed an oklob plant
  6897 | D:8      | Noticed an oklob plant
  7082 | D:8      | Gained mutation: You expend magic power (3 MP) to
                  | strengthen your wands. [evolution]
  7102 | D:8      | Identified the +2 scale mail "Wiack" {rN+} (You found it on
                  | level 7 of the Dungeon)
  7509 | D:9      | Reached *** piety under the Shining One
  7522 | D:9      | Noticed a two-headed ogre
  7614 | D:8      | Killed a two-headed ogre
  7614 | D:8      | Reached skill level 1 in Armour
  7614 | D:8      | Reached XP level 11. HP: 42/106 MP: 12/14
  7622 | D:8      | Reached skill level 5 in Invocations
  7625 | D:8      | Reached skill level 5 in Evocations
  8067 | D:9      | Noticed a two-headed ogre
  8084 | D:9      | Killed a two-headed ogre
  8702 | D:10     | Entered Level 10 of the Dungeon
  8706 | D:10     | Reached skill level 8 in Fighting
  9122 | D:10     | Gained mutation: You tend to lose your temper in combat.
                  | [evolution]
  9205 | D:10     | Noticed an unseen horror
  9216 | D:10     | Killed an unseen horror
  9216 | D:10     | Reached skill level 10 in Dodging
  9341 | D:10     | Noticed Nergalle
  9399 | D:10     | Reached XP level 12. HP: 63/120 MP: 16/16
  9419 | D:10     | Killed Nergalle
  9419 | D:10     | Reached skill level 5 in Armour
  9472 | D:10     | Noticed a two-headed ogre
  9484 | D:10     | Killed a two-headed ogre
  9918 | D:11     | Found Yburogh's Antique Weapon Shop.
 10013 | D:11     | Found Goytul's Weapon Shop.
 10026 | D:11     | Found a staircase to the Lair.
 10166 | D:11     | Bought a glowing war axe for 260 gold pieces
 10368 | D:11     | Found Arott's Antique Weapon Shoppe.
 10386 | D:11     | Bought a runed broad axe for 217 gold pieces
 10622 | D:12     | Found a gate leading to a gauntlet.
 10663 | Gauntlet | Entered a Gauntlet
 10663 | Gauntlet | Found a transporter.
 10670 | Gauntlet | Reached **** piety under the Shining One
 10672 | Gauntlet | Found a transporter.
 10674 | Gauntlet | Found a transporter.
 10676 | Gauntlet | Found a transporter.
 10691 | Gauntlet | Found a transporter.
 10706 | Gauntlet | Found a transporter.
 10708 | Gauntlet | Found a large runed translucent door.
 10708 | Gauntlet | Found a large runed translucent door.
 10709 | Gauntlet | Found a large runed translucent door.
 10709 | Gauntlet | Found a large runed translucent door.
 10710 | Gauntlet | Found a runed translucent door.
 10710 | Gauntlet | Found a large runed translucent door.
 10710 | Gauntlet | Found a large runed translucent door.
 10710 | Gauntlet | Found a runed translucent door.
 10710 | Gauntlet | Found a large runed translucent door.
 10710 | Gauntlet | Found a large runed translucent door.
 10711 | Gauntlet | Found a large runed translucent door.
 10711 | Gauntlet | Found a large runed translucent door.
 10714 | Gauntlet | Found a transporter.
 10731 | Gauntlet | Found a transporter.
 10744 | Gauntlet | Found a large runed translucent door.
 10745 | Gauntlet | Found a large runed translucent door.
 10746 | Gauntlet | Found a large runed translucent door.
 10747 | Gauntlet | Found a runed translucent gate.
 10747 | Gauntlet | Noticed a green death
 10748 | Gauntlet | Found a transporter.
 10748 | Gauntlet | Found a runed translucent gate.
 10749 | Gauntlet | Found a runed translucent gate.
 10768 | Gauntlet | Found a large runed translucent door.
 10769 | Gauntlet | Found a large runed translucent door.
 10770 | Gauntlet | Found a large runed translucent door.
 10778 | Gauntlet | Found a transporter.
 10789 | Gauntlet | Noticed a great orb of eyes
 10790 | Gauntlet | Found a transporter.
 10796 | Gauntlet | Found a transporter.
 10821 | Gauntlet | Found a transporter.
 10827 | Gauntlet | Found a transporter.
 10829 | Gauntlet | Found a transporter.
 10854 | Gauntlet | Found a transporter.
 10854 | Gauntlet | Noticed a blizzard demon
 10867 | Gauntlet | Found a transporter.
 10915 | Gauntlet | Found a transporter.
 11077 | Gauntlet | Reached skill level 9 in Fighting
 11126 | Gauntlet | Gained mutation: Your body sometimes deteriorates upon
                  | taking damage. [evolution]
 11127 | Gauntlet | Killed a great orb of eyes
 11133 | Gauntlet | Reached XP level 13. HP: 136/136 MP: 15/18
 11229 | Gauntlet | Identified the +8 scimitar of Tension {holy, Str+2}
 11229 | Gauntlet | Noticed a minotaur
 11242 | Gauntlet | Killed a minotaur
 11242 | Gauntlet | Reached skill level 10 in Axes
 11265 | Gauntlet | Identified the Collected Works on Glacial Battle Magic
 11280 | Gauntlet | Lost mutation: Your body sometimes deteriorates upon taking
                  | damage. [potion of mutation]
 11280 | Gauntlet | Lost mutation: You are agile. (Dex +2) [potion of mutation]
 11280 | Gauntlet | Lost mutation: You tend to lose your temper in combat.
                  | [potion of mutation]
 11280 | Gauntlet | Gained mutation: You possess an exceptional clarity of
                  | mind. [potion of mutation]
 11280 | Gauntlet | Gained mutation: Your flesh is cold resistant. (rC+)
                  | [potion of mutation]
 11280 | Gauntlet | Gained mutation: You have supernaturally acute eyesight.
                  | (SInv) [potion of mutation]
 12097 | D:12     | Reached skill level 10 in Fighting
 12457 | D:12     | Found a staircase to the Orcish Mines.
 12466 | Orc:1    | Entered Level 1 of the Orcish Mines
 12752 | Orc:1    | Reached XP level 14. HP: 149/149 MP: 15/19
 12828 | Orc:2    | Entered Level 2 of the Orcish Mines
 12861 | Orc:2    | Noticed Snorg
 12877 | Orc:2    | Killed Snorg
 13372 | Orc:2    | Reached skill level 11 in Fighting
 13373 | Orc:2    | Reached ***** piety under the Shining One
 13380 | Orc:2    | HP: 4/152 [orc priest/divine providence (12)]
 13380 | Orc:2    | The Shining One protects you from harm!
 14254 | Orc:2    | Paralysed by an orc sorcerer for 4 turns
 14288 | Orc:2    | Gained mutation: You are frail. (-10% HP) [evolution]
 14320 | Orc:2    | Found Niwnylem's Magic Scroll Boutique.
 14320 | Orc:2    | Found Ziarchudu's Jewellery Boutique.
 14338 | Orc:2    | Found Byturuli's Gadget Shop.
 14338 | Orc:2    | Found Nycretsod's Assorted Antiques.
 14344 | Orc:2    | Bought a scroll of teleportation for 45 gold pieces
 14344 | Orc:2    | Bought a scroll of magic mapping for 52 gold pieces
 14344 | Orc:2    | Bought a scroll of identify for 30 gold pieces
 14344 | Orc:2    | Bought a scroll of magic mapping for 52 gold pieces
 14344 | Orc:2    | Bought a scroll of immolation for 52 gold pieces
 14344 | Orc:2    | Bought a scroll of immolation for 52 gold pieces
 14344 | Orc:2    | Bought a scroll of fog for 30 gold pieces
 14347 | Orc:2    | Bought a wand of iceblast (2) for 92 gold pieces
 14347 | Orc:2    | Bought a scroll of identify for 46 gold pieces
 14347 | Orc:2    | Bought a silvery potion for 20 gold pieces
 14416 | Orc:2    | Found a staircase to the Elven Halls.
 14558 | Orc:1    | Noticed a stone giant
 14572 | Orc:1    | Killed a stone giant
 15613 | D:13     | Reached XP level 15. HP: 63/153 MP: 21/21
 15879 | D:13     | Found a gate to the Vaults.
 15902 | D:13     | Found an iron altar of Okawaru.
 16062 | D:13     | Got a smoking chain mail
 16073 | D:13     | Identified the +9 chain mail of Hospitality {*Drain rElec
                  | Dex+5} (You found it on level 13 of the Dungeon)
 17147 | D:15     | Entered Level 15 of the Dungeon
 17241 | D:15     | Noticed Rupert
 17268 | D:15     | Killed Rupert
 17268 | D:15     | Reached skill level 5 in Throwing
 17695 | D:15     | Reached skill level 12 in Fighting
 17739 | D:15     | Found an opulent altar of Gozag.
 17824 | D:15     | Identified Roxanne's Incunabulum of the Mountains
 17824 | D:15     | Noticed Roxanne
 18079 | D:15     | Found a staircase to the Depths.
 18417 | D:15     | Killed Roxanne
 18417 | D:15     | Reached XP level 16. HP: 163/163 MP: 13/23
 18520 | Lair:1   | Entered Level 1 of the Lair of Beasts
 18702 | Lair:1   | Lost mutation: You are frail. (-10% HP) [evolution]
 18846 | Lair:1   | Noticed Maggie
 18852 | Lair:1   | Killed Maggie
 18865 | Lair:1   | Noticed Sonja
 18872 | Lair:1   | Killed Sonja
 19077 | Lair:1   | You fall into a shaft and drop 1 floor!
 19091 | Lair:2   | Found a frozen archway.
 19103 | IceCv    | Entered an ice cave
 19229 | IceCv    | Reached skill level 5 in Shields
 20004 | Lair:2   | Reached skill level 10 in Invocations
 20052 | Lair:2   | Found a staircase to the Snake Pit.
 20625 | Lair:1   | Noticed Joseph
 20628 | Lair:1   | Killed Joseph
 20727 | D:6      | Noticed Prince Ribbit
 20744 | D:6      | Killed Prince Ribbit
 21410 | Orc:2    | Bought a scroll of enchant armour for 172 gold pieces
 21410 | Orc:2    | Bought an embroidered hat for 161 gold pieces
 21410 | Orc:2    | Bought a potion of haste for 230 gold pieces
 21411 | Orc:2    | Bought a wand of iceblast (11) for 225 gold pieces
 21411 | Orc:2    | Bought a wand of acid (9) for 390 gold pieces
 22187 | Lair:3   | Found a staircase to the Shoals.
 22284 | Lair:3   | Found a dark tunnel.
 22293 | Volcano  | Entered a volcano
 22322 | Volcano  | Reached skill level 10 in Armour
 22471 | Lair:3   | Reached XP level 17. HP: 179/182 MP: 24/24
 22776 | Lair:3   | Reached skill level 13 in Fighting
 22839 | Lair:4   | Noticed Nessos
 22848 | Lair:4   | Killed Nessos
 24485 | Lair:6   | Entered Level 6 of the Lair of Beasts
 24517 | Lair:6   | Reached skill level 10 in Evocations
 25005 | Lair:6   | Found a staircase to the Slime Pits.
 25466 | Lair:6   | Found a snail-covered altar of Cheibriados.
 25505 | Lair:6   | Gained mutation: You have sharp toenails. [evolution]
 25877 | Shoals:1 | Entered Level 1 of the Shoals
 25975 | Shoals:1 | Noticed a kraken
 25989 | Shoals:1 | Killed a kraken
 26460 | Shoals:1 | Reached XP level 18. HP: 190/201 MP: 26/26
 26992 | Shoals:2 | Reached skill level 14 in Fighting
 27102 | Shoals:2 | Reached skill level 15 in Axes
 27402 | Shoals:3 | Noticed Polyphemus
 27440 | Shoals:3 | Killed Polyphemus
 28028 | Shoals:4 | Entered Level 4 of the Shoals
 28067 | Shoals:4 | Reached XP level 19. HP: 121/212 MP: 27/27
 28599 | Shoals:4 | Found Tinof's Assorted Antiques.
 28699 | Shoals:4 | Got a barnacled rune of Zot
 29162 | Shoals:4 | Lost mutation: You possess an exceptional clarity of mind.
                  | [evolution]
 29297 | Shoals:4 | Identified the Handbook of Creative Fire
 29493 | Shoals:4 | Bought a potion of ambrosia for 296 gold pieces
 29493 | Shoals:4 | Bought a scroll of identify for 74 gold pieces
 30460 | Snake:1  | Entered Level 1 of the Snake Pit
 31026 | Snake:1  | Reached XP level 20. HP: 217/217 MP: 25/28
 31706 | Snake:2  | Found Nikif's Distillery.
 31716 | Snake:2  | Bought 2 potions of heal wounds for 110 gold pieces
 31716 | Snake:2  | Bought 2 potions of might for 88 gold pieces
 31716 | Snake:2  | Bought a potion of mutation for 88 gold pieces
 31716 | Snake:2  | Bought a potion of resistance for 110 gold pieces
 31716 | Snake:2  | Bought a potion of haste for 110 gold pieces
 31716 | Snake:2  | Bought a potion of mutation for 88 gold pieces
 31781 | Snake:2  | Reached skill level 15 in Fighting
 31863 | Snake:2  | Found Quusk's Gadget Boutique.
 31863 | Snake:2  | Found Kiol's Jewellery Emporium.
 31864 | Snake:2  | Found Achym's Jewellery Emporium.
 31884 | Snake:2  | Bought a wand of iceblast (8) for 228 gold pieces
 31956 | Snake:3  | Reached skill level 10 in Shields
 32452 | Snake:4  | Entered Level 4 of the Snake Pit
 33124 | Snake:4  | Found Amnolets's Jewellery Emporium.
 33487 | Snake:4  | Reached XP level 21. HP: 120/228 MP: 30/30
 33887 | Snake:4  | Got a serpentine rune of Zot
 34196 | Elf:1    | Entered Level 1 of the Elven Halls
 34248 | Elf:1    | Found a ruined gateway.
 34256 | Desolati | Entered the Desolation of Salt
 34472 | Desolati | Reached skill level 16 in Fighting
 34484 | Desolati | Identified the cursed +3 war axe "Huvyifih" {drain, +Inv}
 34484 | Desolati | Identified the +6 hand crossbow "Diggeiz" {elec, rC- Int+5}
 34519 | Desolati | Got a coiled bone ring
 34521 | Desolati | Identified the cursed ring of Noon {rElec AC-2} (You found
                  | it in the Desolation of Salt)
 34534 | Desolati | Got a glittering bone ring
 34535 | Desolati | Identified the ring of Cufukh {Wiz +Inv Int+3 Slay+2
                  | Stlth+} (You found it in the Desolation of Salt)
 34820 | Desolati | Identified the +2 leather armour "Bahist" {*Slow Regen+
                  | Str+10}
 34826 | Desolati | Reached XP level 22. HP: 193/240 MP: 23/31
 34857 | Desolati | Identified the +3 scimitar of Past Mistakes {pain, rElec
                  | rC+++ Stlth+} (You found it in the Desolation of Salt)
 34858 | Desolati | Identified the Disquisition on Aerial Transmutation
 34878 | Desolati | Identified the +2 great sword of Wrongful Imprisonment
                  | {holy, +Blink rPois rC+ rN+} (You found it in the
                  | Desolation of Salt)
 35111 | Desolati | Identified the +5 mace of Couss {vamp, Stlth+} (You found
                  | it in the Desolation of Salt)
 35115 | Desolati | Identified the +1 short sword "Fabow" {holy, rC+} (You
                  | found it in the Desolation of Salt)
 35117 | Desolati | Identified the +1 chain mail of the Tired Deaths {Int+6}
                  | (You found it in the Desolation of Salt)
 35858 | Elf:1    | Identified Xise's Tome of Creation
 36426 | Elf:2    | Found Xeprag's Armour Emporium.
 36813 | Elf:2    | Gained mutation: You have a somewhat thin skeletal
                  | structure. (Dex +2, Stealth) [evolution]
 36824 | Elf:2    | Found a runed translucent gate.
 36825 | Elf:2    | Found a runed translucent gate.
 36826 | Elf:2    | Found a runed translucent gate.
 36921 | Elf:3    | Entered Level 3 of the Elven Halls
 37074 | Elf:3    | Found Icsoviun's Magic Scroll Shoppe.
 37074 | Elf:3    | Found Mosujied's Antique Weapon Emporium.
 37140 | Elf:3    | Found a large runed translucent door.
 37140 | Elf:3    | Found a large runed translucent door.
 37142 | Elf:3    | Noticed abdallah's ghost (adept SpMi)
 37146 | Elf:3    | Identified the +3 spear of Patience {flame, rPois rN+
                  | Dex+4} (You found it on level 3 of the Elven Halls)
 37175 | Elf:3    | Killed abdallah's ghost
 37530 | Elf:3    | Found a portal to a secret trove of treasure.
 37648 | Elf:3    | Reached XP level 23. HP: 229/258 MP: 33/33
 38326 | Elf:3    | Identified the cursed +0 hand axe "Sapru" {vorpal, rN+
                  | Dex+4}
 38349 | Elf:3    | Cast into level 2 of the Abyss (a deep elf sorcerer)
 38416 | Abyss:2  | Noticed an ancient lich
 38431 | Abyss:2  | Killed an ancient lich
 38494 | Abyss:2  | Reached skill level 17 in Fighting
 38588 | Abyss:2  | Reached ****** piety under the Shining One
 38732 | Elf:3    | Escaped the Abyss
 39236 | Elf:3    | Found the +6 lightning scales {run, rElec}
 39237 | Elf:3    | Found the +3 hat of Pondering {ponderous, MR+ MP+10 Int+5}
 39251 | Elf:3    | Reached XP level 24. HP: 271/271 MP: 33/33
 39262 | Elf:3    | Found the amulet of the Air {Inacc +Fly rElec EV+5 RMsl}
 39285 | Elf:3    | Identified the Handbook of Venom and Aid
 39329 | Elf:3    | Identified The Arcane Secrets of Spellweaving
 39566 | Elf:3    | Bought a scroll of enchant armour for 105 gold pieces
 39566 | Elf:3    | Bought a scroll of magic mapping for 49 gold pieces
 39566 | Elf:3    | Bought a scroll of acquirement for 728 gold pieces
 39566 | Elf:3    | Bought a scroll of immolation for 49 gold pieces
 39566 | Elf:3    | Bought a scroll of identify for 28 gold pieces
 39566 | Elf:3    | Bought 2 scrolls of identify for 56 gold pieces
 39980 | Depths:1 | Entered Level 1 of the Depths
 40059 | Depths:1 | Identified the +8 halberd "Acarinebane" {drain, *Corrode
                  | rPois Stlth+} (You found it on level 1 of the Depths)
 40105 | Depths:1 | Found a gateway to a ziggurat.
 40154 | Depths:1 | Found a gateway to Hell.
 40958 | Depths:1 | Found a one-way gate leading to the halls of Pandemonium.
 40972 | Depths:1 | Reached skill level 18 in Fighting
 41409 | Hell     | Entered the Vestibule of Hell
 41409 | Hell     | Noticed Geryon
 41436 | Hell     | Killed Geryon
 41439 | Hell     | Reached skill level 15 in Invocations
 41449 | Hell     | Noticed Murray
 41706 | Hell     | Reached XP level 25. HP: 284/284 MP: 34/34
 41757 | Depths:1 | Killed Murray
 41833 | Depths:1 | Gained mutation: Your mind is acute. (Int +2) [evolution]
 42454 | Elf:3    | You paid a toll of the horn of Geryon to enter a treasure
                  | trove
 42455 | Trove    | Entered a treasure trove
 42464 | Trove    | Got a flickering brass ring
 42469 | Trove    | Got a glittering bone amulet
 42478 | Trove    | Identified the amulet of Qusu {Harm *Drain Str+2 Slay+5}
                  | (You found it in a treasure trove)
 42480 | Trove    | Identified the ring "Qutuna" {Str+4 Stlth-} (You found it
                  | in a treasure trove)
 42483 | Trove    | Identified the amulet "Caroanto" {Harm *Drain Dex+5} (You
                  | found it in a treasure trove)
 42490 | Trove    | Got a clouded ivory ring
 42495 | Trove    | Got a scorched turquoise ring
 42521 | Elf:3    | Identified the ring of Peykhlar {+Fly rElec rC- rCorr
                  | Int+2} (You found it in a treasure trove)
 42524 | Elf:3    | Identified the ring "Qehah" {rElec rC+ MR- Str+4} (You
                  | found it in a treasure trove)
 42527 | Elf:3    | Identified the ring of Jealousy {MR+ Str+4 Dex+3} (You
                  | found it in a treasure trove)
 42698 | Vaults:1 | Entered Level 1 of the Vaults
 42714 | Vaults:1 | Reached skill level 19 in Fighting
 42717 | Vaults:1 | Identified the +4 bardiche of Feuxkory {flame, Str+5}
 43309 | Vaults:1 | Gained mutation: You have tough skin. (AC +1) [protean
                  | size]
 43633 | Vaults:1 | Reached skill level 20 in Fighting
 44082 | Vaults:2 | Reached skill level 15 in Shields
 44082 | Vaults:2 | Reached XP level 26. HP: 213/311 MP: 34/35
 44292 | Vaults:2 | Found Niunocim's Book Shop.
 45097 | Vaults:2 | Found a staircase to the Crypt.
 45378 | Vaults:3 | Reached skill level 15 in Evocations
 45385 | Vaults:3 | Reached skill level 21 in Fighting
 45424 | Vaults:3 | Identified the amulet "Gunugyps" {Reflect rN+ Str+2 SH+2}
                  | (You found it in a treasure trove)
 46595 | Vaults:4 | Reached XP level 27. HP: 326/327 MP: 35/35
 46678 | Vaults:4 | Found a runed translucent gate.
 46678 | Vaults:4 | Found a runed translucent gate.
 46678 | Vaults:4 | Found a runed translucent gate.
 46679 | Vaults:4 | Found an opulent altar of Gozag.
 46680 | Vaults:4 | Noticed JamPaladin's ghost (adept QEGl)
 46681 | Vaults:4 | Found Ylukludu's Assorted Antiques.
 46717 | Vaults:4 | Killed JamPaladin's ghost
 46914 | Vaults:4 | Bought a scroll of enchant armour for 240 gold pieces
 46914 | Vaults:4 | Bought a scroll of identify for 64 gold pieces
 47195 | Vaults:4 | Reached skill level 22 in Fighting
 47225 | Vaults:4 | Gained mutation: You tend to lose your temper in combat.
                  | [evolution]
 47393 | Vaults:4 | Found Zafod's Gadget Emporium.
 47414 | Vaults:4 | Bought a wand of iceblast (12) for 320 gold pieces
 47414 | Vaults:4 | Bought a tin of tremorstones for 300 gold pieces
 48193 | Vaults:5 | Entered Level 5 of the Vaults
 48580 | Vaults:5 | Noticed an ancient lich
 48595 | Vaults:5 | Killed an ancient lich
 48822 | Vaults:5 | Gained mutation: You have very tough skin. (AC +2) [protean
                  | size]
 48994 | Vaults:5 | Got a silver rune of Zot
 49301 | Vaults:5 | Identified the ring of Sayff {rN+++ Stlth-}
 49474 | Vaults:5 | Gained mutation: You have very tough skin. (AC +2) [protean
                  | size]
 49488 | Vaults:5 | Reached skill level 23 in Fighting
 49508 | Vaults:5 | Identified the amulet of Kaprobep {Faith +Inv rN+ Dex-3
                  | Slay+6}
 49510 | Vaults:5 | Identified the +6 quarterstaff "Jeblisa" {venom, Str+4
                  | Dex+2}
 50081 | Vaults:5 | Found Doliemuegu's Book Shop.
 50605 | Vaults:5 | Got a warped golden ring
 50606 | Vaults:5 | Identified the ring "Qomugget" {Wiz rElec Str+3 Int+4 SInv}
                  | (You found it on level 5 of the Vaults)
 51066 | Depths:2 | Gained mutation: You have very tough skin. (AC +2) [protean
                  | size]
 51757 | Depths:2 | Gained mutation: You have very tough skin. (AC +2) [protean
                  | size]
 52213 | Depths:2 | Found Udejewab's Distillery.
 52218 | Depths:2 | Bought a potion of heal wounds for 105 gold pieces
 52218 | Depths:2 | Bought a potion of curing for 63 gold pieces
 52218 | Depths:2 | Bought a potion of curing for 63 gold pieces
 52218 | Depths:2 | Bought a potion of heal wounds for 105 gold pieces
 52218 | Depths:2 | Bought a potion of resistance for 210 gold pieces
 52218 | Depths:2 | Bought a potion of heal wounds for 105 gold pieces
 52218 | Depths:2 | Bought a potion of might for 84 gold pieces
 52218 | Depths:2 | Bought a potion of heal wounds for 105 gold pieces
 52218 | Depths:2 | Bought a potion of curing for 63 gold pieces
 52319 | Depths:3 | Identified the ring of Xampauda {Ice +Fly MR+ Slay-6}
 52319 | Depths:3 | Identified the +10 rapier of the Horn {speed, rF+ Dex+3
                  | Stlth+}
 52322 | Depths:3 | Found a runed translucent door.
 52579 | Depths:3 | Gained mutation: You have very tough skin. (AC +2) [protean
                  | size]
 53134 | Depths:3 | Gained mutation: You have very tough skin. (AC +2) [protean
                  | size]
 53565 | Depths:3 | Gained mutation: You have very tough skin. (AC +2) [protean
                  | size]
 53674 | Depths:3 | Found Jusegeokh's Pet Rocks.
 53746 | Depths:3 | Bought a wand of digging (7) for 242 gold pieces
 53904 | Depths:4 | Reached skill level 1 in Spellcasting
 54193 | Depths:4 | Identified the +4 mace "Fuvaepp" {vorpal, Fragile rF+ rN+
                  | Int+6} (You found it on level 4 of the Depths)
 54236 | Depths:4 | Found a one-way gate to the infinite horrors of the Abyss.
 54320 | Depths:4 | Gained mutation: You have very tough skin. (AC +2) [protean
                  | size]
 54478 | Depths:4 | Gained mutation: You have very tough skin. (AC +2) [protean
                  | size]
 54535 | Depths:4 | Gained mutation: You have very tough skin. (AC +2) [protean
                  | size]
 54787 | Depths:4 | Identified the +2 storm dragon scales of the Wilderness
                  | {rElec Str+2} (You acquired it on level 4 of the Depths)
 54787 | Depths:4 | Identified the amulet "Asish" {Harm *Drain rN++ Dex-2} (You
                  | acquired it on level 4 of the Depths)
 54896 | Depths:5 | Entered Level 5 of the Depths
 54986 | Depths:5 | Reached skill level 24 in Fighting
 55021 | Depths:5 | Gained mutation: You have very tough skin. (AC +2) [protean
                  | size]
 55691 | Depths:5 | Identified the ring "Seastucyev" {rElec rPois Int+3} (You
                  | found it on level 5 of the Depths)
 55713 | Depths:5 | Found a gate to the Realm of Zot.
 55918 | Depths:5 | Noticed a juggernaut
 55932 | Depths:5 | Killed a juggernaut
 56584 | Hell     | Found a gateway to the decaying netherworld of Tartarus.
 56669 | Hell     | Found a gateway to the Iron City of Dis.
 56683 | Hell     | Gained mutation: You have very tough skin. (AC +2) [protean
                  | size]
 56736 | Dis:1    | Entered Level 1 of the Iron City of Dis
 56765 | Dis:1    | Gained mutation: You have very tough skin. (AC +2) [protean
                  | size]
 56901 | Dis:2    | Gained mutation: You have very tough skin. (AC +2) [protean
                  | size]
 57032 | Dis:4    | Gained mutation: You have very tough skin. (AC +2) [protean
                  | size]
 57044 | Dis:4    | Reached skill level 5 in Spellcasting
 57165 | Dis:6    | Gained mutation: You have very tough skin. (AC +2) [protean
                  | size]
 57175 | Dis:7    | Entered Level 7 of the Iron City of Dis
 57368 | Dis:7    | Gained mutation: You have very tough skin. (AC +2) [protean
                  | size]
 57844 | Dis:7    | Gained mutation: You have very tough skin. (AC +2) [protean
                  | size]
 57845 | Dis:7    | Gained mutation: Your mind is very acute. (Int +4)
                  | [evolution]
 57867 | Dis:7    | Reached skill level 25 in Fighting
 57959 | Dis:7    | Gained mutation: You have very tough skin. (AC +2) [protean
                  | size]
 58096 | Dis:7    | HP: 3/365 [Ice Fiend/bolt of cold (55)]
 58097 | Dis:7    | Annihilated by an Ice Fiend

Levels and vault maps discovered:
D:1:      dpeg_arrival_simpleton_a, layout_basic, interstate_on_off,
          minmay_3d_cube
D:2:      layout_basic, zin_scriptorium, lemuel_doored_altar,
          chequers_ecumenical_altar_simple_redux, minmay_pentomino_pile
D:3:      layout_loops_cross, nicolae_overflow_crystal_walls, lemuel_round_altar
D:4:      layout_cave_pools, serial_shops, shop, serial_glass, glass_columns_c,
          glass_columns_c, first_ration, minmay_manual_moon, uniq_menkaure
D:5:      layout_loops_corners, nicolae_qazlal_style_of_elements,
          overflow_temple_1_default, nicolae_tso_carved_into_rock
D:6:      layout_rooms, serial_shops, shop, grunt_ministairs_1,
          nicolae_dithmenos_shadow_blocks, uniq_edmund, uniq_prince_ribbit1
D:7:      layout_rooms, minmay_temple_entry_mini_moons, the_bakery,
          kennysheep_generic_room_2
D:8:      layout_basic, hangedman_tree_tricks
D:9:      layout_cave_pools
D:10:     layout_stronghold, serial_bayou_lagoon_a, uniq_nergalle
D:11:     layout_irregular_city, lair_entry_dummy, serial_shops,
          nicolae_shop_competitors_out_of_business, shop, shop
D:12:     layout_loops_cross, david_orc_4, gauntlet_entry_generic
D:13:     layout_roguey, erik_vaults_1, basic_altar
D:14:     wander_river, layout_stronghold, nicolae_lava_and_water, drop_trap
D:15:     grunt_enter_depths_magical_seal, layout_irregular_city,
          old_standard_altar, uniq_rupert, uniq_roxanne
Lair:1:   layout_layer_cave, grunt_megastairs_1, uniq_maggie, uniq_sonja,
          uniq_joseph
Lair:2:   layout_gridlike, dummy_snake_entry, portal_ice_cave_rime,
          nicolae_quartered_pool_medium, serial_bayou_shore_a,
          grunt_megastairs_3
Lair:3:   layout_regular_city, minmay_shoals_entry_lonely_mermaid,
          nicolae_volcano_entry_batcave, minmay_lindwurm_lava
Lair:4:   layout_loops_ring, infiniplex_staircase_pool, uniq_nessos
Lair:5:   layout_small_grid, minmay_lair_oklob_chamber
Lair:6:   hangedman_lair_tendril_chambers, layout_loops_ring,
          guppyfry_lair_end_dragon, dpeg_slime_entry_corner, basic_altar
Shoals:1: layout_shoals, dpeg_stationary_puzzle
Shoals:2: layout_shoals
Shoals:3: layout_shoals, nicolae_shoals_flooded_hall, uniq_polyphemus
Shoals:4: shoals_end_grunt_ice, layout_shoals, serial_shops, shop
Snake:1:  layout_honeycomb, serial_bayou_shore_b
Snake:2:  layout_onion, serial_shops, shop_fountains, drop_trap,
          minmay_shop_grove
Snake:3:  layout_misc_corridors
Snake:4:  grunt_snake_rune_pools, layout_cave_town, serial_shops, shop,
          st_stairs_11, library_closet
Orc:1:    layout_diamond_mine
Orc:2:    st_orc_mages, layout_caves, uniq_snorg
Elf:1:    minmay_elf_arrival_plus, layout_onion_city,
          portal_desolation_entry_nicolae_nacl, minmay_elf_demonology,
          st_stairs_4
Elf:2:    layout_rooms, serial_shops, shop, minivault_27, uniq_agnes
Elf:3:    minmay_elf_hall_four_x, layout_gridlike, ebering_ghost_disaster_area,
          nicolae_trove_entry_path_of_doom, minmay_shoptagon
Vaults:1: vaults_dpeg_diagonal, ontoclasm_vaults_eye,
          nicolae_vaults_border_crossing, vaults_mumra_chevron_long, v_misc_25,
          kb_rosetta, vaults_room_pool, nicolae_vaults_theta,
          nicolae_vaults_little_squares_3, nicolae_vaults_rhombus_5,
          nicolae_vaults_back_hallway, vaults_room_stairs_pillars,
          nicolae_vaults_what_the_h, layout_vaults_maze_snakey
Vaults:2: st_cells, hangedman_vaults_unwind, vaults_mumra_hex,
          minmay_crypt_entry_simple_box, nicolae_vaults_yaktaur_gun_rack,
          grunt_vaults_hallway_short, serial_ice_b, ontoclasm_vaults_fault,
          layout_vaults_omnigrid, serial_shops,
          nicolae_shop_competitors_out_of_business
Vaults:3: v_misc_4, hangedman_vaults_stretched_pinwheel, v_alt_pattern_6,
          nicolae_vaults_big_angled_halls, v_alt_pattern_3,
          ontoclasm_vaults_tryst, grunt_vaults_twisty,
          nicolae_vaults_shelves_hall, v_misc_5, v_misc_16,
          hangedman_vaults_nodes, nicolae_vaults_alarming,
          nicolae_vaults_murderbox, vaults_room_stairs_pillars,
          layout_vaults_big_cross
Vaults:4: ebering_vaults_ghost_gozag, hangedman_vaults_snaps,
          dpeg_vaults_monster_box, v_misc_5, nicolae_vaults_little_squares_5,
          v_rooms_3, v_misc_3, v_misc_33, v_misc_25, vaults_room_semicircle,
          v_misc_14, ontoclasm_vaults_misaligned, ontoclasm_vaults_twist,
          layout_vaults_ring, serial_shops, shop
Vaults:5: serial_shops
Depths:1: layout_gridville, enter_ziggurat_b, hell_entry,
          minmay_misc_feat_roman, rand_demon_pan_entry_7, roderic_lattice_a,
          kennysheep_boxes
Depths:2: minmay_crescents, layout_basic, hell_entry, serial_shops,
          kennysheep_little_box, kennysheep_generic_room_11,
          infiniplex_staircase_zigzag_4
Depths:3: minmay_polygon_palace, layout_basic, rand_demon_pan_entry_8,
          serial_bayou_pond_e, hell_entry, minmay_st_funbox,
          guppyfry_shop_earth, infiniplex_staircase_star, firewood_loft
Depths:4: dpeg_oklob_gauntlet, layout_cave_pools, abyss_entry, serial_sigils,
          serial_sigils_hangedman_quiver, serial_sigils_hangedman_confine,
          serial_sigils_hangedman_quiver, serial_sigils_hangedman_snap,
          grunt_mini_vestibule
Depths:5: grunt_zot_entry_alcove, layout_basic, grunt_pan_entry_zigzag,
          hell_entry
Hell
Dis:1:    layout_regular_city
Dis:2:    layout_gridville
Dis:3:    lemuel_mystery_crypt, layout_jigsaw
Dis:4:    layout_chaotic_city
Dis:5:    layout_overlapping_boxes
Dis:6:    layout_chaotic_city, nicolae_dis_lava_storage_tank
Dis:7:    dis_hangedman

Skill      XL: |  1  2  3  4  5  6  7  8  9 10 11 12 13 14 15 16 17 18 19 20 21 22 23 24 25 26 27 |
---------------+----------------------------------------------------------------------------------+-----
Fighting       | 4 5 6 7 8 9 10 11 12 13 14 15 16 17 18 20 21 25 | 25.0
Axes           | 3 4 5 6 7 8 9 11 12 13 14 15 16 17 18 19 22 | 22.0
Stealth        | 1 2 3 4 |  4.0
Dodging        | 4 5 7 9 10 11 12 13 14 | 14.4
Throwing       | 1 2 4 5 6 7 |  7.0
Invocations    | 1 2 3 4 6 7 8 9 10 11 12 13 15 16 17 19 | 19.7
Evocations     | 1 2 3 4 6 7 8 9 10 11 12 13 14 15 17 | 17.7
Armour         | 1 4 6 7 8 9 10 11 12 13 14 | 14.8
Shields        | 4 6 7 8 9 10 11 12 13 14 15 21 | 21.3
Spellcasting   | 6 |  6.8

Action                   |  1- 3 |  4- 6 |  7- 9 | 10-12 | 13-15 | 16-18 | 19-21 | 22-24 | 25-27 || total
-------------------------+-------+-------+-------+-------+-------+-------+-------+-------+-------++-------
Melee: Hand axe          |   120 |   301 |   180 |   381 |       |       |       |       |       ||   982
       War axe           |       |       |    43 |    43 |       |     9 |       |       |       ||    95
       Peck              |       |       |     9 |    91 |   152 |   341 |   205 |   228 |   749 ||  1775
       Broad axe         |       |       |       |    56 |   764 |  1257 |   787 |   782 |  2364 ||  6010
       Kick              |       |       |       |       |       |   119 |   304 |   335 |  1182 ||  1940
Throw: Dart              |       |    34 |     8 |       |       |       |       |       |       ||    42
       Boomerang         |       |     7 |    31 |    58 |    35 |       |       |       |       ||   131
       Throwing net      |       |       |       |    12 |     2 |       |     6 |     2 |       ||    22
       Javelin           |       |       |       |       |     7 |    29 |    13 |    60 |    55 ||   164
Invok: Divine Shield     |       |       |     3 |     7 |    18 |    13 |    19 |    23 |    50 ||   133
       Cleansing Flame   |       |       |       |       |     3 |       |     2 |    16 |    26 ||    47
       Summon Divine War |       |       |       |       |     1 |       |     3 |     2 |     1 ||     7
Evoke: Wand              |       |       |     3 |    11 |    10 |     8 |    15 |     6 |     7 ||    60
       Lightning rod     |       |       |       |       |       |     4 |    12 |     4 |     4 ||    24
       Tin of tremorston |       |       |       |       |       |       |     7 |       |       ||     7
       Box of beasts     |       |       |       |       |       |       |       |     1 |       ||     1
  Use: Scroll            |       |    10 |     2 |     9 |    16 |    14 |    12 |    20 |    25 ||   108
       Potion            |       |       |     8 |     3 |     7 |     1 |     6 |     6 |    11 ||    42
 Stab: Sleeping          |     1 |    11 |     5 |       |       |       |       |       |       ||    17
  Eat: Chunk             |     1 |     4 |     6 |     8 |    12 |    14 |     4 |    11 |    20 ||    80
       Ration            |       |     1 |     1 |     3 |     4 |     7 |     5 |     5 |    13 ||    39
Armor: Robe              |    10 |    37 |    12 |     6 |       |       |       |       |       ||    65
       Scale mail        |       |       |       |   133 |       |       |       |       |       ||   133
       Chain mail        |       |       |       |       |   214 |   381 |   197 |    72 |       ||   864
       Plate armour      |       |       |       |       |     3 |       |       |       |       ||     3
       Fire dragon scale |       |       |       |       |       |       |       |    22 |   209 ||   231
Dodge: Dodged            |   131 |   257 |   184 |   402 |   394 |   341 |   292 |   138 |   309 ||  2448
       Repelled          |       |       |       |     6 |     1 |       |       |       |       ||     7
Block: Other             |       |       |    22 |    67 |   285 |       |       |       |       ||   374
       Reflection        |       |       |       |     1 |    13 |    68 |   120 |    81 |   278 ||   561
       Tower shield      |       |       |       |       |   139 |  1352 |  1341 |   960 |  3033 ||  6825
